[ PARTIDA AOE2 · #466980734 ]
UnrankedMagiares vs Mongols
[ ANÁLISIS DE REPETICIÓN · EXTRAÍDO DE LA PARTIDA GRABADA ]
Feudal
10:22
Castillos
14:26
Imperial
—
| APM promedio | 28.7 |
| APM pico | 65 |
| eAPM promedio | 15.7 |
| Aldeanos / militares | 170 / 66 |
Foco
⚔️ 18.5% · 🌾 81.5%
Cavalry Archer ×63 · Battering Ram ×3
Feudal
7:43
Castillos
25:51
Imperial
—
| APM promedio | 42.7 |
| APM pico | 102 |
| eAPM promedio | 25.8 |
| Aldeanos / militares | 54 / 0 |
Foco
⚔️ 36.1% · 🌾 63.9%
Feudal
9:49
Castillos
29:02
Imperial
—
| APM promedio | 48.8 |
| APM pico | 93 |
| eAPM promedio | 28.1 |
| Aldeanos / militares | 57 / 7 |
Foco
⚔️ 30.8% · 🌾 69.2%
Spearman ×4 · Militia ×2 · Monk ×1
Feudal
9:32
Castillos
—
Imperial
—
| APM promedio | 18.6 |
| APM pico | 70 |
| eAPM promedio | 5.6 |
| Aldeanos / militares | 29 / 0 |
Foco
⚔️ 7.2% · 🌾 92.8%
Feudal
9:42
Castillos
15:57
Imperial
31:03
| APM promedio | 52.6 |
| APM pico | 107 |
| eAPM promedio | 20.9 |
| Aldeanos / militares | 51 / 32 |
Foco
⚔️ 17.2% · 🌾 82.8%
War Wagon ×28 · Petard ×4
Feudal
—
Castillos
—
Imperial
—
| APM promedio | 0.1 |
| APM pico | 2 |
| eAPM promedio | 0.1 |
| Aldeanos / militares | 0 / 0 |
Feudal
8:08
Castillos
19:57
Imperial
—
| APM promedio | 33.4 |
| APM pico | 77 |
| eAPM promedio | 20.4 |
| Aldeanos / militares | 105 / 53 |
Foco
⚔️ 44.7% · 🌾 55.3%
Knight ×51 · Camel Scout ×2
Feudal
10:07
Castillos
13:58
Imperial
29:16
| APM promedio | 39.8 |
| APM pico | 120 |
| eAPM promedio | 21.0 |
| Aldeanos / militares | 218 / 80 |
Foco
⚔️ 21.9% · 🌾 78.1%
Militia ×79 · Spearman ×1
Mapa de la partida
Recursos iniciales + cada clic de construcción. Líneas = muros · curvas = relieve. ◆ oro · ⬟ piedra · ● bayas · ✦ reliquia · ◌ hueco del cierre
Inputs por minuto
— 请讲中文,不懂英语。 - - BP | ham.io
Build order — 请讲中文,不懂英语。
Primeras 150 de 321 acciones detectadas
| 0:02 | Encolar | Villager (Male) |
| 0:02 | Encolar | Villager (Male) |
| 0:02 | Encolar | Villager (Male) |
| 0:02 | Encolar | Villager (Male) |
| 0:03 | Encolar | Villager (Male) |
| 0:04 | Construir | House |
| 0:06 | Construir | House |
| 1:31 | Encolar | Villager (Male) |
| 1:31 | Encolar | Villager (Male) |
| 1:31 | Encolar | Villager (Male) |
| 2:02 | Encolar | Villager (Male) |
| 2:02 | Encolar | Villager (Male) |
| 2:15 | Construir | Lumber Camp |
| 2:31 | Encolar | Villager (Male) |
| 2:31 | Encolar | Villager (Male) |
| 2:31 | Encolar | Villager (Male) |
| 3:02 | Encolar | Villager (Male) |
| 3:02 | Encolar | Villager (Male) |
| 3:02 | Encolar | Villager (Male) |
| 3:02 | Encolar | Villager (Male) |
| 3:06 | Construir | House |
| 3:42 | Encolar | Villager (Male) |
| 3:42 | Encolar | Villager (Male) |
| 4:00 | Encolar | Villager (Male) |
| 4:00 | Encolar | Villager (Male) |
| 4:00 | Encolar | Villager (Male) |
| 4:32 | Construir | Mill |
| 4:41 | Encolar | Villager (Male) |
| 4:41 | Encolar | Villager (Male) |
| 4:41 | Encolar | Villager (Male) |
| 4:47 | Construir | House |
| 5:07 | Construir | House |
| 5:23 | Encolar | Villager (Male) |
| 5:23 | Encolar | Villager (Male) |
| 5:23 | Encolar | Villager (Male) |
| 5:23 | Encolar | Villager (Male) |
| 6:03 | Encolar | Villager (Male) |
| 6:03 | Encolar | Villager (Male) |
| 6:04 | Encolar | Villager (Male) |
| 6:04 | Encolar | Villager (Male) |
| 6:10 | Construir | Farm |
| 6:16 | Construir | Farm |
| 6:24 | Encolar | Villager (Male) |
| 6:24 | Encolar | Villager (Male) |
| 6:24 | Encolar | Villager (Male) |
| 7:32 | Encolar | Villager (Male) |
| 8:12 | Investigar | Feudal Age |
| 8:12 | Investigar | Feudal Age |
| 10:18 | Encolar | Villager (Male) |
| 10:19 | Encolar | Villager (Male) |
| 10:22 | Edad | Edad Feudal |
| 10:34 | Construir | Market |
| 10:40 | Construir | Blacksmith |
| 11:46 | Investigar | Castle Age |
| 11:46 | Investigar | Castle Age |
| 11:54 | Construir | House |
| 12:10 | Investigar | Double-Bit Axe |
| 12:10 | Investigar | Double-Bit Axe |
| 12:10 | Investigar | Double-Bit Axe |
| 12:23 | Investigar | Horse Collar |
| 12:23 | Investigar | Horse Collar |
| 12:23 | Investigar | Horse Collar |
| 13:18 | Encolar | Villager (Male) |
| 13:18 | Encolar | Villager (Male) |
| 13:21 | Construir | Farm |
| 13:35 | Construir | Farm |
| 13:48 | Construir | Farm |
| 13:49 | Construir | Farm |
| 14:26 | Edad | Edad de los Castillos |
| 14:32 | Construir | Town Center |
| 14:33 | Encolar | Villager (Male) |
| 14:34 | Encolar | Villager (Male) |
| 14:35 | Construir | Town Center |
| 14:49 | Investigar | Bow Saw |
| 14:50 | Investigar | Bow Saw |
| 14:58 | Encolar | Villager (Male) |
| 15:08 | Construir | Farm |
| 15:26 | Construir | Farm |
| 15:28 | Encolar | Villager (Male) |
| 15:28 | Encolar | Villager (Male) |
| 15:29 | Encolar | Villager (Male) |
| 15:29 | Encolar | Villager (Male) |
| 15:53 | Construir | Farm |
| 15:56 | Encolar | Villager (Male) |
| 15:56 | Encolar | Villager (Male) |
| 16:07 | Construir | Farm |
| 16:19 | Encolar | Villager (Male) |
| 16:19 | Encolar | Villager (Male) |
| 16:23 | Construir | Farm |
| 16:29 | Construir | Farm |
| 16:36 | Construir | Farm |
| 16:44 | Construir | Farm |
| 16:47 | Encolar | Villager (Male) |
| 16:47 | Encolar | Villager (Male) |
| 16:50 | Construir | Farm |
| 16:58 | Encolar | Villager (Male) |
| 16:58 | Encolar | Villager (Male) |
| 17:04 | Construir | Farm |
| 17:16 | Construir | Farm |
| 17:20 | Encolar | Villager (Male) |
| 17:20 | Encolar | Villager (Male) |
| 17:20 | Encolar | Villager (Male) |
| 17:26 | Construir | Farm |
| 17:33 | Encolar | Villager (Male) |
| 17:33 | Encolar | Villager (Male) |
| 17:37 | Construir | Farm |
| 17:43 | Construir | Farm |
| 17:45 | Encolar | Villager (Male) |
| 17:45 | Encolar | Villager (Male) |
| 17:45 | Encolar | Villager (Male) |
| 17:45 | Encolar | Villager (Male) |
| 17:49 | Construir | Farm |
| 17:50 | Construir | Farm |
| 17:55 | Encolar | Villager (Male) |
| 17:55 | Encolar | Villager (Male) |
| 18:07 | Construir | Farm |
| 18:11 | Encolar | Villager (Male) |
| 18:11 | Encolar | Villager (Male) |
| 18:11 | Encolar | Villager (Male) |
| 18:20 | Construir | House |
| 18:21 | Construir | House |
| 18:23 | Encolar | Villager (Male) |
| 18:24 | Encolar | Villager (Male) |
| 18:24 | Encolar | Villager (Male) |
| 18:24 | Encolar | Villager (Male) |
| 18:39 | Encolar | Villager (Male) |
| 18:39 | Encolar | Villager (Male) |
| 18:49 | Encolar | Villager (Male) |
| 18:50 | Encolar | Villager (Male) |
| 18:50 | Encolar | Villager (Male) |
| 19:05 | Construir | Farm |
| 19:10 | Construir | Barracks |
| 19:14 | Investigar | Wheelbarrow |
| 19:14 | Investigar | Wheelbarrow |
| 19:15 | Encolar | Villager (Male) |
| 19:21 | Encolar | Villager (Male) |
| 19:21 | Encolar | Villager (Male) |
| 19:21 | Encolar | Villager (Male) |
| 19:21 | Encolar | Villager (Male) |
| 19:22 | Encolar | Villager (Male) |
| 19:25 | Construir | House |
| 19:38 | Encolar | Villager (Male) |
| 19:38 | Encolar | Villager (Male) |
| 19:38 | Encolar | Villager (Male) |
| 19:56 | Construir | Stable |
| 20:00 | Construir | University |
| 20:03 | Investigar | Wheelbarrow |
| 20:03 | Investigar | Wheelbarrow |
| 20:05 | Encolar | Villager (Male) |
| 20:05 | Encolar | Villager (Male) |
Build order — BP | ham.io
111 acciones detectadas en el replay
| 0:01 | Encolar | Villager (Male) |
| 0:01 | Encolar | Villager (Male) |
| 0:03 | Construir | House |
| 0:04 | Construir | House |
| 0:44 | Encolar | Villager (Male) |
| 0:44 | Encolar | Villager (Male) |
| 0:44 | Encolar | Villager (Male) |
| 1:26 | Encolar | Villager (Male) |
| 2:01 | Encolar | Villager (Male) |
| 2:11 | Construir | Lumber Camp |
| 2:36 | Encolar | Villager (Male) |
| 2:36 | Encolar | Villager (Male) |
| 2:36 | Encolar | Villager (Male) |
| 3:04 | Construir | House |
| 3:10 | Encolar | Villager (Male) |
| 3:10 | Encolar | Villager (Male) |
| 3:11 | Encolar | Villager (Male) |
| 4:17 | Encolar | Villager (Male) |
| 4:18 | Encolar | Villager (Male) |
| 4:18 | Encolar | Villager (Male) |
| 4:18 | Encolar | Villager (Male) |
| 4:27 | Encolar | Villager (Male) |
| 4:34 | Construir | Mining Camp |
| 4:57 | Encolar | Villager (Male) |
| 4:58 | Encolar | Villager (Male) |
| 5:33 | Investigar | Feudal Age |
| 5:33 | Investigar | Feudal Age |
| 6:28 | Investigar | Loom |
| 6:29 | Encolar | Villager (Male) |
| 7:09 | Construir | House |
| 7:25 | Construir | House |
| 7:43 | Edad | Edad Feudal |
| 7:44 | Construir | Watch Tower |
| 7:50 | Encolar | Villager (Male) |
| 7:55 | Construir | Blacksmith |
| 8:31 | Investigar | Fletching |
| 8:31 | Investigar | Fletching |
| 8:54 | Encolar | Villager (Male) |
| 9:04 | Encolar | Villager (Male) |
| 9:22 | Encolar | Villager (Male) |
| 9:26 | Construir | Watch Tower |
| 9:58 | Encolar | Villager (Male) |
| 10:29 | Construir | Watch Tower |
| 10:42 | Encolar | Villager (Male) |
| 10:43 | Encolar | Villager (Male) |
| 10:56 | Construir | Mill |
| 11:09 | Construir | Building 490 |
| 11:44 | Encolar | Villager (Male) |
| 11:44 | Encolar | Villager (Male) |
| 12:17 | Encolar | Villager (Male) |
| 12:48 | Construir | Watch Tower |
| 12:52 | Encolar | Villager (Male) |
| 13:46 | Encolar | Villager (Male) |
| 13:46 | Encolar | Villager (Male) |
| 14:29 | Encolar | Villager (Male) |
| 14:42 | Construir | House |
| 14:43 | Construir | House |
| 15:42 | Encolar | Villager (Male) |
| 16:02 | Encolar | Villager (Male) |
| 16:11 | Encolar | Villager (Male) |
| 16:16 | Construir | Building 490 |
| 16:39 | Encolar | Villager (Male) |
| 16:43 | Construir | Farm |
| 16:43 | Construir | Farm |
| 16:43 | Construir | Farm |
| 16:43 | Construir | Farm |
| 16:44 | Construir | Farm |
| 16:44 | Construir | Farm |
| 16:44 | Construir | Farm |
| 17:02 | Encolar | Villager (Male) |
| 17:26 | Construir | Farm |
| 17:28 | Construir | Farm |
| 17:31 | Construir | Farm |
| 17:33 | Construir | Farm |
| 17:56 | Encolar | Villager (Male) |
| 18:01 | Construir | Farm |
| 18:05 | Construir | House |
| 18:06 | Construir | House |
| 18:26 | Encolar | Villager (Male) |
| 18:26 | Encolar | Villager (Male) |
| 18:55 | Encolar | Villager (Male) |
| 19:24 | Construir | Watch Tower |
| 19:44 | Encolar | Villager (Male) |
| 19:46 | Construir | Farm |
| 19:47 | Construir | Farm |
| 20:47 | Encolar | Villager (Male) |
| 20:47 | Encolar | Villager (Male) |
| 20:55 | Construir | Market |
| 21:17 | Construir | Mining Camp |
| 21:26 | Encolar | Villager (Male) |
| 21:32 | Construir | Watch Tower |
| 21:50 | Encolar | Villager (Male) |
| 22:06 | Construir | Farm |
| 22:06 | Construir | Farm |
| 22:07 | Construir | Farm |
| 22:07 | Construir | Farm |
| 22:46 | Encolar | Villager (Male) |
| 23:06 | Investigar | Castle Age |
| 24:18 | Encolar | Villager (Male) |
| 25:08 | Construir | Mining Camp |
| 25:20 | Construir | Mining Camp |
| 25:24 | Investigar | Padded Archer Armor |
| 25:31 | Construir | Barracks |
| 25:40 | Encolar | Villager (Male) |
| 25:51 | Edad | Edad de los Castillos |
| 25:53 | Construir | Castle |
| 26:00 | Encolar | Villager (Male) |
| 26:04 | Investigar | Double-Bit Axe |
| 26:04 | Investigar | Double-Bit Axe |
| 26:06 | Investigar | Bodkin Arrow |
| 26:47 | Encolar | Villager (Male) |
Build order — Aliskandar
142 acciones detectadas en el replay
| 0:01 | Encolar | Villager (Male) |
| 0:03 | Construir | House |
| 0:04 | Construir | House |
| 0:20 | Encolar | Villager (Male) |
| 0:20 | Encolar | Villager (Male) |
| 0:20 | Encolar | Villager (Male) |
| 0:21 | Encolar | Villager (Male) |
| 1:23 | Encolar | Villager (Male) |
| 1:24 | Encolar | Villager (Male) |
| 1:44 | Construir | Lumber Camp |
| 2:14 | Encolar | Villager (Male) |
| 2:14 | Encolar | Villager (Male) |
| 2:14 | Encolar | Villager (Male) |
| 2:48 | Encolar | Villager (Male) |
| 3:16 | Encolar | Villager (Male) |
| 3:19 | Encolar | Villager (Male) |
| 3:53 | Encolar | Villager (Male) |
| 4:03 | Construir | House |
| 4:04 | Construir | House |
| 4:04 | Construir | House |
| 4:31 | Encolar | Villager (Male) |
| 4:31 | Encolar | Villager (Male) |
| 5:02 | Encolar | Villager (Male) |
| 5:03 | Encolar | Villager (Male) |
| 5:03 | Encolar | Villager (Male) |
| 5:16 | Construir | House |
| 5:33 | Encolar | Villager (Male) |
| 5:34 | Encolar | Villager (Male) |
| 5:34 | Encolar | Villager (Male) |
| 6:07 | Construir | Mill |
| 6:41 | Investigar | Loom |
| 7:10 | Investigar | Loom |
| 7:10 | Investigar | Loom |
| 7:17 | Construir | Mining Camp |
| 7:34 | Investigar | Feudal Age |
| 7:34 | Investigar | Feudal Age |
| 9:15 | Construir | Palisade Wall |
| 9:49 | Edad | Edad Feudal |
| 9:52 | Encolar | Villager (Male) |
| 9:56 | Construir | Watch Tower |
| 10:03 | Encolar | Villager (Male) |
| 10:37 | Construir | Stone Wall |
| 10:48 | Encolar | Villager (Male) |
| 10:48 | Encolar | Villager (Male) |
| 10:59 | Encolar | Villager (Male) |
| 11:33 | Encolar | Villager (Male) |
| 11:48 | Construir | Stone Wall |
| 11:50 | Construir | Palisade Wall |
| 11:55 | Encolar | Villager (Male) |
| 11:56 | Encolar | Villager (Male) |
| 12:06 | Encolar | Villager (Male) |
| 12:17 | Encolar | Villager (Male) |
| 13:02 | Construir | Blacksmith |
| 13:15 | Encolar | Villager (Male) |
| 13:26 | Construir | Watch Tower |
| 13:56 | Encolar | Villager (Male) |
| 14:05 | Investigar | Fletching |
| 14:05 | Investigar | Fletching |
| 14:21 | Encolar | Villager (Male) |
| 15:00 | Encolar | Villager (Male) |
| 15:03 | Construir | Farm |
| 15:05 | Investigar | Horse Collar |
| 15:05 | Investigar | Horse Collar |
| 15:05 | Investigar | Double-Bit Axe |
| 15:06 | Investigar | Double-Bit Axe |
| 15:24 | Construir | Barracks |
| 15:30 | Construir | Stone Wall |
| 15:34 | Construir | Stone Wall |
| 15:51 | Encolar | Villager (Male) |
| 16:20 | Encolar | Villager (Male) |
| 16:40 | Encolar | Villager (Male) |
| 16:47 | Construir | Farm |
| 16:47 | Construir | Farm |
| 16:48 | Encolar | Villager (Male) |
| 16:59 | Construir | Farm |
| 17:14 | Construir | Farm |
| 17:31 | Construir | Farm |
| 17:35 | Construir | Stable |
| 17:42 | Encolar | Villager (Male) |
| 17:47 | Construir | Farm |
| 17:48 | Construir | Farm |
| 17:52 | Construir | Farm |
| 18:00 | Construir | Farm |
| 18:02 | Encolar | Villager (Male) |
| 18:48 | Construir | Mining Camp |
| 18:49 | Encolar | Villager (Male) |
| 19:04 | Construir | House |
| 19:21 | Encolar | Villager (Male) |
| 19:22 | Encolar | Villager (Male) |
| 19:38 | Construir | Farm |
| 19:49 | Construir | Mill |
| 19:49 | Construir | Farm |
| 19:50 | Construir | Farm |
| 19:50 | Construir | Farm |
| 19:50 | Construir | Farm |
| 19:51 | Encolar | Villager (Male) |
| 20:46 | Construir | Farm |
| 20:51 | Encolar | Villager (Male) |
| 20:53 | Encolar | Villager (Male) |
| 20:55 | Encolar | Militia |
| 21:24 | Construir | House |
| 21:24 | Construir | House |
| 21:26 | Construir | House |
| 21:32 | Construir | House |
| 21:33 | Encolar | Spearman |
| 21:59 | Construir | Farm |
| 22:00 | Encolar | Villager (Male) |
| 22:20 | Construir | Watch Tower |
| 22:22 | Encolar | Villager (Male) |
| 22:48 | Encolar | Militia |
| 22:59 | Construir | House |
| 23:03 | Construir | House |
| 23:17 | Encolar | Spearman |
| 23:18 | Encolar | Spearman |
| 23:54 | Construir | Palisade Wall |
| 23:55 | Construir | Palisade Wall |
| 24:18 | Encolar | Spearman |
| 25:35 | Construir | Town Center |
| 26:14 | Construir | Farm |
| 26:22 | Investigar | Castle Age |
| 27:15 | Encolar | Villager (Male) |
| 27:19 | Construir | Farm |
| 27:21 | Construir | Farm |
| 27:29 | Construir | Farm |
| 28:26 | Investigar | Scale Barding Armor |
| 28:30 | Construir | Stable |
| 29:02 | Edad | Edad de los Castillos |
| 29:24 | Construir | Monastery |
| 29:31 | Construir | Farm |
| 29:32 | Encolar | Villager (Male) |
| 29:33 | Encolar | Villager (Male) |
| 29:38 | Construir | Mill |
| 29:38 | Construir | Farm |
| 29:39 | Construir | Farm |
| 29:39 | Construir | Farm |
| 29:39 | Construir | Farm |
| 29:40 | Construir | Farm |
| 30:00 | Encolar | Villager (Male) |
| 30:17 | Encolar | Monk |
| 30:43 | Encolar | Villager (Male) |
| 31:14 | Encolar | Villager (Male) |
| 31:44 | Encolar | Villager (Male) |
Build order — _xRegulusx_
62 acciones detectadas en el replay
| 0:01 | Encolar | Villager (Male) |
| 0:01 | Encolar | Villager (Male) |
| 0:01 | Encolar | Villager (Male) |
| 0:02 | Encolar | Villager (Male) |
| 0:03 | Construir | House |
| 0:05 | Construir | House |
| 1:28 | Encolar | Villager (Male) |
| 1:53 | Construir | Lumber Camp |
| 2:02 | Encolar | Villager (Male) |
| 2:02 | Encolar | Villager (Male) |
| 2:17 | Encolar | Villager (Male) |
| 2:45 | Encolar | Villager (Male) |
| 2:46 | Encolar | Villager (Male) |
| 3:15 | Encolar | Villager (Male) |
| 3:40 | Encolar | Villager (Male) |
| 3:40 | Encolar | Villager (Male) |
| 3:50 | Construir | House |
| 3:52 | Construir | House |
| 4:04 | Encolar | Villager (Male) |
| 4:34 | Encolar | Villager (Male) |
| 4:51 | Encolar | Villager (Male) |
| 5:08 | Encolar | Villager (Male) |
| 5:20 | Encolar | Villager (Male) |
| 5:22 | Construir | Mill |
| 5:36 | Encolar | Villager (Male) |
| 6:48 | Encolar | Villager (Male) |
| 7:22 | Investigar | Feudal Age |
| 7:22 | Investigar | Feudal Age |
| 8:41 | Construir | House |
| 8:43 | Construir | House |
| 9:32 | Edad | Edad Feudal |
| 9:34 | Encolar | Villager (Male) |
| 9:36 | Investigar | Horse Collar |
| 9:37 | Investigar | Double-Bit Axe |
| 9:50 | Construir | Mining Camp |
| 9:55 | Encolar | Villager (Male) |
| 9:59 | Construir | Farm |
| 10:00 | Construir | Farm |
| 10:00 | Construir | Farm |
| 10:05 | Encolar | Villager (Male) |
| 10:11 | Construir | Farm |
| 10:12 | Construir | Farm |
| 10:15 | Construir | Farm |
| 10:19 | Encolar | Villager (Male) |
| 10:40 | Encolar | Villager (Male) |
| 10:52 | Encolar | Villager (Male) |
| 10:58 | Construir | Blacksmith |
| 11:36 | Encolar | Villager (Male) |
| 11:53 | Construir | Market |
| 11:55 | Construir | House |
| 12:15 | Construir | Farm |
| 12:41 | Encolar | Villager (Male) |
| 12:50 | Construir | Mining Camp |
| 13:00 | Construir | House |
| 13:21 | Encolar | Villager (Male) |
| 13:59 | Investigar | Castle Age |
| 14:21 | Construir | Lumber Camp |
| 15:09 | Construir | Farm |
| 15:11 | Construir | Farm |
| 15:20 | Construir | House |
| 15:21 | Construir | House |
| 15:30 | Investigar | Stone Mining |
Build order — robecha18
125 acciones detectadas en el replay
| 0:01 | Encolar | Villager (Male) |
| 0:02 | Encolar | Villager (Male) |
| 0:03 | Construir | House |
| 0:05 | Construir | House |
| 0:21 | Encolar | Villager (Male) |
| 0:22 | Encolar | Villager (Male) |
| 0:22 | Encolar | Villager (Male) |
| 1:24 | Encolar | Villager (Male) |
| 1:44 | Encolar | Villager (Male) |
| 2:27 | Encolar | Villager (Male) |
| 2:42 | Construir | Lumber Camp |
| 2:47 | Encolar | Villager (Male) |
| 2:59 | Encolar | Villager (Male) |
| 3:01 | Construir | House |
| 3:10 | Encolar | Villager (Male) |
| 3:27 | Encolar | Villager (Male) |
| 3:34 | Construir | House |
| 3:57 | Encolar | Villager (Male) |
| 5:02 | Encolar | Villager (Male) |
| 5:08 | Encolar | Villager (Male) |
| 5:49 | Construir | Mill |
| 5:50 | Encolar | Villager (Male) |
| 5:51 | Encolar | Villager (Male) |
| 6:01 | Encolar | Villager (Male) |
| 6:33 | Encolar | Villager (Male) |
| 6:45 | Encolar | Villager (Male) |
| 7:03 | Investigar | Loom |
| 7:21 | Encolar | Villager (Male) |
| 7:32 | Investigar | Feudal Age |
| 9:05 | Encolar | Villager (Male) |
| 9:05 | Encolar | Villager (Male) |
| 9:42 | Edad | Edad Feudal |
| 9:52 | Encolar | Villager (Male) |
| 9:54 | Investigar | Double-Bit Axe |
| 10:17 | Encolar | Villager (Male) |
| 10:31 | Construir | House |
| 10:37 | Construir | Blacksmith |
| 10:41 | Construir | Market |
| 11:38 | Encolar | Villager (Male) |
| 11:39 | Encolar | Villager (Male) |
| 12:10 | Encolar | Villager (Male) |
| 12:25 | Construir | Mining Camp |
| 13:17 | Investigar | Castle Age |
| 13:48 | Construir | Farm |
| 13:50 | Construir | Farm |
| 13:58 | Construir | Farm |
| 14:34 | Construir | Farm |
| 14:38 | Construir | Farm |
| 14:42 | Construir | Farm |
| 14:48 | Encolar | Villager (Male) |
| 15:14 | Construir | House |
| 15:17 | Construir | House |
| 15:31 | Encolar | Villager (Male) |
| 15:44 | Construir | Farm |
| 15:45 | Construir | Farm |
| 15:45 | Construir | Farm |
| 15:57 | Edad | Edad de los Castillos |
| 16:15 | Construir | House |
| 16:23 | Construir | Castle |
| 16:26 | Construir | Mining Camp |
| 16:33 | Encolar | Villager (Male) |
| 16:34 | Encolar | Villager (Male) |
| 16:56 | Encolar | Villager (Male) |
| 17:42 | Construir | Farm |
| 17:48 | Encolar | Petard |
| 17:57 | Encolar | Petard |
| 18:04 | Investigar | Gold Mining |
| 18:08 | Construir | Farm |
| 18:10 | Encolar | Villager (Male) |
| 18:37 | Construir | Farm |
| 18:40 | Encolar | Villager (Male) |
| 18:42 | Encolar | War Wagon |
| 18:57 | Encolar | War Wagon |
| 19:09 | Encolar | Villager (Male) |
| 19:14 | Encolar | Villager (Male) |
| 19:15 | Encolar | War Wagon |
| 19:39 | Encolar | War Wagon |
| 19:54 | Investigar | Fletching |
| 19:56 | Encolar | Villager (Male) |
| 20:13 | Encolar | Villager (Male) |
| 20:25 | Encolar | Villager (Male) |
| 20:41 | Encolar | War Wagon |
| 20:43 | Encolar | War Wagon |
| 20:53 | Encolar | Villager (Male) |
| 21:10 | Encolar | War Wagon |
| 21:19 | Investigar | Bodkin Arrow |
| 21:22 | Construir | Farm |
| 21:52 | Encolar | War Wagon |
| 22:00 | Encolar | Villager (Male) |
| 22:21 | Encolar | Villager (Male) |
| 22:23 | Encolar | War Wagon |
| 22:24 | Encolar | War Wagon |
| 24:06 | Encolar | Villager (Male) |
| 24:08 | Encolar | War Wagon |
| 24:08 | Encolar | War Wagon |
| 24:12 | Encolar | Villager (Male) |
| 24:13 | Encolar | Villager (Male) |
| 24:15 | Encolar | War Wagon |
| 25:25 | Encolar | Villager (Male) |
| 25:26 | Encolar | Villager (Male) |
| 25:27 | Encolar | War Wagon |
| 25:27 | Encolar | War Wagon |
| 25:37 | Encolar | Villager (Male) |
| 25:49 | Investigar | Bow Saw |
| 27:47 | Encolar | War Wagon |
| 27:48 | Encolar | War Wagon |
| 27:48 | Encolar | War Wagon |
| 27:49 | Encolar | Villager (Male) |
| 27:50 | Encolar | Villager (Male) |
| 27:53 | Investigar | Imperial Age |
| 28:20 | Encolar | War Wagon |
| 28:27 | Encolar | Petard |
| 28:27 | Encolar | Petard |
| 29:18 | Encolar | War Wagon |
| 29:18 | Encolar | War Wagon |
| 29:18 | Encolar | War Wagon |
| 29:39 | Encolar | War Wagon |
| 29:39 | Encolar | War Wagon |
| 29:40 | Encolar | War Wagon |
| 29:40 | Encolar | War Wagon |
| 29:41 | Encolar | War Wagon |
| 29:41 | Encolar | War Wagon |
| 31:03 | Edad | Edad Imperial |
| 31:13 | Investigar | Bracer |
| 31:15 | Investigar | Conscription |
Build order — 3409853472
0 acciones detectadas en el replay
Build order — mojotzotzo
Primeras 150 de 250 acciones detectadas
| 0:01 | Encolar | Villager (Male) |
| 0:02 | Encolar | Villager (Male) |
| 0:02 | Encolar | Villager (Male) |
| 0:02 | Encolar | Villager (Male) |
| 0:03 | Construir | House |
| 0:05 | Construir | House |
| 1:36 | Encolar | Villager (Male) |
| 2:01 | Encolar | Villager (Male) |
| 2:01 | Encolar | Villager (Male) |
| 2:33 | Encolar | Villager (Male) |
| 2:33 | Encolar | Villager (Male) |
| 2:34 | Encolar | Villager (Male) |
| 2:44 | Construir | Lumber Camp |
| 3:11 | Encolar | Villager (Male) |
| 3:27 | Encolar | Villager (Male) |
| 3:50 | Encolar | Villager (Male) |
| 3:59 | Encolar | Villager (Male) |
| 4:02 | Construir | House |
| 4:26 | Encolar | Villager (Male) |
| 4:26 | Encolar | Villager (Male) |
| 5:11 | Construir | Mill |
| 5:14 | Encolar | Villager (Male) |
| 5:58 | Investigar | Feudal Age |
| 7:33 | Encolar | Villager (Male) |
| 8:08 | Edad | Edad Feudal |
| 8:11 | Construir | House |
| 8:15 | Construir | Town Center |
| 8:28 | Encolar | Villager (Male) |
| 8:47 | Encolar | Villager (Male) |
| 9:07 | Encolar | Villager (Male) |
| 9:36 | Encolar | Villager (Male) |
| 9:38 | Investigar | Double-Bit Axe |
| 9:44 | Encolar | Villager (Male) |
| 9:44 | Encolar | Villager (Male) |
| 9:45 | Encolar | Villager (Male) |
| 9:49 | Investigar | Horse Collar |
| 9:58 | Encolar | Villager (Male) |
| 9:58 | Encolar | Villager (Male) |
| 10:14 | Construir | Farm |
| 10:15 | Encolar | Villager (Male) |
| 10:43 | Encolar | Villager (Male) |
| 10:44 | Encolar | Villager (Male) |
| 10:48 | Construir | House |
| 10:54 | Construir | Farm |
| 10:56 | Construir | Farm |
| 10:57 | Construir | Farm |
| 11:08 | Construir | House |
| 11:13 | Construir | Farm |
| 11:13 | Encolar | Villager (Male) |
| 11:23 | Encolar | Villager (Male) |
| 11:27 | Construir | Farm |
| 11:30 | Encolar | Villager (Male) |
| 11:30 | Encolar | Villager (Male) |
| 11:35 | Construir | House |
| 11:53 | Encolar | Villager (Male) |
| 11:53 | Encolar | Villager (Male) |
| 11:57 | Construir | Farm |
| 12:03 | Construir | Farm |
| 12:05 | Construir | Farm |
| 12:08 | Construir | Farm |
| 12:11 | Encolar | Villager (Male) |
| 12:11 | Encolar | Villager (Male) |
| 12:12 | Encolar | Villager (Male) |
| 12:28 | Encolar | Villager (Male) |
| 12:28 | Encolar | Villager (Male) |
| 12:34 | Construir | Farm |
| 12:39 | Construir | Farm |
| 12:40 | Encolar | Villager (Male) |
| 12:40 | Encolar | Villager (Male) |
| 12:43 | Construir | Farm |
| 12:45 | Construir | Farm |
| 12:50 | Construir | Farm |
| 12:56 | Encolar | Villager (Male) |
| 12:56 | Encolar | Villager (Male) |
| 13:05 | Encolar | Villager (Male) |
| 13:05 | Encolar | Villager (Male) |
| 13:05 | Encolar | Villager (Male) |
| 13:11 | Construir | Farm |
| 13:16 | Construir | Farm |
| 13:17 | Encolar | Villager (Male) |
| 13:17 | Encolar | Villager (Male) |
| 13:28 | Encolar | Villager (Male) |
| 13:28 | Encolar | Villager (Male) |
| 13:43 | Encolar | Villager (Male) |
| 13:43 | Encolar | Villager (Male) |
| 13:43 | Encolar | Villager (Male) |
| 13:44 | Encolar | Villager (Male) |
| 13:46 | Construir | House |
| 13:48 | Construir | House |
| 13:51 | Encolar | Villager (Male) |
| 13:52 | Encolar | Villager (Male) |
| 13:58 | Construir | Barracks |
| 14:07 | Construir | Farm |
| 14:08 | Encolar | Villager (Male) |
| 14:11 | Construir | Farm |
| 14:12 | Encolar | Villager (Male) |
| 14:14 | Construir | Farm |
| 14:24 | Construir | Farm |
| 14:25 | Encolar | Villager (Male) |
| 14:38 | Encolar | Villager (Male) |
| 14:38 | Encolar | Villager (Male) |
| 14:38 | Encolar | Villager (Male) |
| 14:55 | Construir | Stable |
| 14:56 | Encolar | Villager (Male) |
| 14:56 | Encolar | Villager (Male) |
| 14:56 | Encolar | Villager (Male) |
| 15:04 | Construir | Blacksmith |
| 15:05 | Encolar | Villager (Male) |
| 15:10 | Construir | House |
| 15:12 | Encolar | Villager (Male) |
| 15:22 | Encolar | Villager (Male) |
| 15:35 | Encolar | Villager (Male) |
| 15:42 | Construir | Stable |
| 16:05 | Construir | Stable |
| 16:35 | Encolar | Villager (Male) |
| 16:35 | Encolar | Villager (Male) |
| 16:36 | Encolar | Villager (Male) |
| 16:41 | Construir | Stable |
| 16:50 | Construir | Mining Camp |
| 16:53 | Construir | Mining Camp |
| 17:01 | Construir | Stable |
| 17:03 | Construir | Stable |
| 17:07 | Encolar | Villager (Male) |
| 17:17 | Investigar | Castle Age |
| 17:18 | Investigar | Castle Age |
| 17:28 | Construir | Farm |
| 17:31 | Construir | Farm |
| 17:36 | Construir | Farm |
| 17:44 | Construir | Farm |
| 17:48 | Investigar | Gold Mining |
| 18:01 | Construir | House |
| 18:02 | Construir | Farm |
| 18:05 | Construir | House |
| 18:08 | Investigar | Bloodlines |
| 18:20 | Construir | Farm |
| 18:40 | Encolar | Villager (Male) |
| 18:47 | Investigar | Scale Barding Armor |
| 18:49 | Investigar | Forging |
| 18:50 | Investigar | Forging |
| 18:55 | Construir | Farm |
| 19:01 | Encolar | Villager (Male) |
| 19:01 | Encolar | Villager (Male) |
| 19:40 | Encolar | Villager (Male) |
| 19:57 | Edad | Edad de los Castillos |
| 19:58 | Encolar | Knight |
| 19:59 | Encolar | Knight |
| 20:00 | Encolar | Knight |
| 20:01 | Encolar | Knight |
| 20:01 | Encolar | Knight |
| 20:03 | Encolar | Knight |
Build order — Сугüş
Primeras 150 de 396 acciones detectadas
| 0:01 | Encolar | Villager (Male) ×4 |
| 0:01 | Encolar | Villager (Male) ×4 |
| 0:02 | Construir | House |
| 0:05 | Construir | House |
| 1:32 | Encolar | Villager (Male) |
| 1:32 | Encolar | Villager (Male) |
| 1:46 | Construir | Lumber Camp |
| 2:07 | Encolar | Villager (Male) |
| 2:07 | Encolar | Villager (Male) |
| 2:19 | Encolar | Villager (Male) |
| 2:20 | Encolar | Villager (Male) |
| 2:42 | Encolar | Villager (Male) |
| 3:12 | Encolar | Villager (Male) |
| 3:12 | Encolar | Villager (Male) |
| 3:27 | Encolar | Villager (Male) |
| 3:27 | Encolar | Villager (Male) |
| 3:54 | Construir | House |
| 3:55 | Construir | House |
| 4:03 | Construir | House |
| 4:04 | Construir | House |
| 4:07 | Encolar | Villager (Male) |
| 4:07 | Encolar | Villager (Male) |
| 4:07 | Encolar | Villager (Male) |
| 4:51 | Encolar | Villager (Male) |
| 4:51 | Encolar | Villager (Male) |
| 4:55 | Construir | Mill |
| 5:01 | Encolar | Villager (Male) |
| 5:01 | Encolar | Villager (Male) |
| 5:02 | Encolar | Villager (Male) |
| 6:17 | Encolar | Villager (Male) |
| 6:18 | Encolar | Villager (Male) |
| 6:18 | Encolar | Villager (Male) |
| 7:14 | Encolar | Villager (Male) |
| 7:41 | Investigar | Feudal Age |
| 7:41 | Investigar | Feudal Age |
| 8:14 | Encolar | Villager (Male) |
| 8:14 | Encolar | Villager (Male) |
| 8:54 | Construir | Farm |
| 9:01 | Construir | Farm |
| 10:07 | Edad | Edad Feudal |
| 10:10 | Construir | Market |
| 10:15 | Construir | Blacksmith |
| 10:23 | Investigar | Double-Bit Axe |
| 11:18 | Investigar | Castle Age |
| 11:19 | Investigar | Castle Age |
| 11:40 | Investigar | Horse Collar |
| 11:41 | Investigar | Horse Collar |
| 11:48 | Construir | House |
| 12:10 | Construir | Farm |
| 12:23 | Encolar | Villager (Male) |
| 12:23 | Encolar | Villager (Male) |
| 12:29 | Construir | Farm |
| 12:32 | Construir | Farm |
| 12:38 | Construir | Farm |
| 12:40 | Encolar | Villager (Male) |
| 12:43 | Encolar | Villager (Male) |
| 12:47 | Construir | Farm |
| 13:58 | Edad | Edad de los Castillos |
| 14:12 | Construir | Town Center |
| 14:27 | Encolar | Villager (Male) |
| 14:42 | Construir | Town Center |
| 14:55 | Encolar | Villager (Male) |
| 14:56 | Encolar | Villager (Male) |
| 15:21 | Investigar | Bow Saw |
| 15:21 | Investigar | Bow Saw |
| 15:37 | Encolar | Villager (Male) |
| 15:38 | Encolar | Villager (Male) |
| 15:38 | Encolar | Villager (Male) |
| 15:38 | Encolar | Villager (Male) |
| 15:47 | Encolar | Villager (Male) |
| 15:51 | Encolar | Villager (Male) |
| 15:57 | Encolar | Villager (Male) |
| 16:00 | Encolar | Villager (Male) |
| 16:03 | Construir | Farm |
| 16:05 | Encolar | Villager (Male) |
| 16:09 | Encolar | Villager (Male) |
| 16:10 | Encolar | Villager (Male) |
| 16:12 | Construir | Farm |
| 16:15 | Construir | Farm |
| 16:24 | Construir | Farm |
| 16:27 | Encolar | Villager (Male) |
| 16:27 | Encolar | Villager (Male) |
| 16:31 | Construir | Farm |
| 16:35 | Construir | Farm |
| 16:39 | Encolar | Villager (Male) |
| 16:39 | Encolar | Villager (Male) |
| 16:46 | Construir | House |
| 16:49 | Construir | House |
| 16:53 | Encolar | Villager (Male) |
| 16:53 | Encolar | Villager (Male) |
| 16:58 | Construir | Farm |
| 17:00 | Construir | Farm |
| 17:08 | Construir | Farm |
| 17:10 | Encolar | Villager (Male) |
| 17:11 | Encolar | Villager (Male) |
| 17:15 | Construir | Farm |
| 17:19 | Encolar | Villager (Male) |
| 17:19 | Encolar | Villager (Male) |
| 17:25 | Construir | Farm |
| 17:31 | Construir | Farm |
| 17:33 | Encolar | Villager (Male) |
| 17:33 | Encolar | Villager (Male) |
| 17:44 | Encolar | Villager (Male) |
| 17:44 | Encolar | Villager (Male) |
| 17:45 | Encolar | Villager (Male) |
| 17:54 | Encolar | Villager (Male) |
| 17:55 | Encolar | Villager (Male) |
| 18:04 | Encolar | Villager (Male) |
| 18:04 | Encolar | Villager (Male) |
| 18:06 | Construir | House |
| 18:14 | Construir | Town Center |
| 18:16 | Encolar | Villager (Male) |
| 18:17 | Encolar | Villager (Male) |
| 18:20 | Encolar | Villager (Male) |
| 18:20 | Encolar | Villager (Male) |
| 18:28 | Construir | House |
| 18:30 | Encolar | Villager (Male) |
| 18:30 | Encolar | Villager (Male) |
| 18:33 | Construir | Farm |
| 18:34 | Encolar | Villager (Male) |
| 18:34 | Encolar | Villager (Male) |
| 18:37 | Construir | Farm |
| 18:45 | Construir | Farm |
| 18:47 | Encolar | Villager (Male) |
| 18:47 | Encolar | Villager (Male) |
| 18:53 | Encolar | Villager (Male) |
| 18:53 | Encolar | Villager (Male) |
| 19:01 | Encolar | Villager (Male) |
| 19:03 | Encolar | Villager (Male) |
| 19:04 | Construir | House |
| 19:06 | Construir | House |
| 19:18 | Encolar | Villager (Male) |
| 19:18 | Encolar | Villager (Male) |
| 19:25 | Encolar | Villager (Male) |
| 19:26 | Encolar | Villager (Male) |
| 19:30 | Encolar | Villager (Male) |
| 19:30 | Encolar | Villager (Male) |
| 19:33 | Encolar | Villager (Male) |
| 19:33 | Encolar | Villager (Male) |
| 19:42 | Encolar | Villager (Male) |
| 19:47 | Construir | Town Center |
| 19:51 | Encolar | Villager (Male) |
| 19:58 | Encolar | Villager (Male) |
| 19:58 | Encolar | Villager (Male) |
| 20:03 | Construir | Farm |
| 20:05 | Construir | Farm |
| 20:07 | Encolar | Villager (Male) |
| 20:07 | Encolar | Villager (Male) |
| 20:07 | Encolar | Villager (Male) |
| 20:07 | Encolar | Villager (Male) |
Cronología de la partida
| 7:43 | BP | ham.io · age_up feudal |
| 8:08 | mojotzotzo · age_up feudal |
| 9:15 | Aliskandar · wall_segment Palisade Wall x4 |
| 9:32 | _xRegulusx_ · age_up feudal |
| 9:42 | robecha18 · age_up feudal |
| 9:49 | Aliskandar · age_up feudal |
| 10:07 | Сугüş · age_up feudal |
| 10:22 | 请讲中文,不懂英语。 · age_up feudal |
| 10:37 | Aliskandar · wall_segment Stone Wall x1 |
| 11:01 | Сугüş · first_market_sell 100 wood |
| 11:48 | Aliskandar · wall_segment Stone Wall x1 |
| 11:50 | Aliskandar · wall_segment Palisade Wall x1 |
| 12:44 | robecha18 · first_market_sell 100 wood |
| 12:49 | robecha18 · first_market_buy 100 food |
| 13:58 | mojotzotzo · first_building Barracks |
| 13:58 | Сугüş · age_up castle |
| 14:26 | 请讲中文,不懂英语。 · age_up castle |
| 14:55 | mojotzotzo · first_building Stable |
| 15:24 | Aliskandar · first_building Barracks |
| 15:30 | Aliskandar · wall_segment Stone Wall x1 |
| 15:34 | Aliskandar · wall_segment Stone Wall x1 |
| 15:57 | robecha18 · age_up castle |
| 15:59 | _xRegulusx_ · resign |
| 16:23 | robecha18 · first_building Castle |
| 17:35 | Aliskandar · first_building Stable |
| 19:10 | 请讲中文,不懂英语。 · first_building Barracks |
| 19:56 | 请讲中文,不懂英语。 · first_building Stable |
| 19:57 | mojotzotzo · age_up castle |
| 20:35 | 请讲中文,不懂英语。 · first_building Archery Range |
| 22:15 | BP | ham.io · first_market_sell 100 wood |
| 23:54 | Aliskandar · wall_segment Palisade Wall x1 |
| 23:55 | Aliskandar · wall_segment Palisade Wall x1 |
| 24:50 | Сугüş · first_building Castle |
| 25:31 | BP | ham.io · first_building Barracks |
| 25:35 | BP | ham.io · first_market_buy 100 stone |
| 25:51 | BP | ham.io · age_up castle |
| 25:53 | BP | ham.io · first_building Castle |
| 26:25 | Сугüş · first_building Barracks |
| 26:54 | 请讲中文,不懂英语。 · wall_segment Stone Wall x5 |
| 27:37 | mojotzotzo · wall_segment Palisade Wall x1 |
| 28:46 | 请讲中文,不懂英语。 · first_building Siege Workshop |
| 29:02 | Aliskandar · age_up castle |
| 29:16 | Сугüş · age_up imperial |
| 29:24 | Aliskandar · first_building Monastery |
| 31:03 | robecha18 · age_up imperial |
[ ANÁLISIS IA · 1 CRÉDITO ]
¿Qué pasó realmente en esta partida?
Wolo.gg analiza cada decisión: build order, eco, micro, errores típicos por bracket. Análisis personalizado por WhatsApp o Discord en 30 segundos.
Guía civ
Magiares
Perfil
Jugador #12352564